 Dungeon Crawl Stone Soup version 0.19.5 (webtiles) character file.

240 VinsantI the Conjurer (level 5, -3/39 HPs)
             Began as a Draconian Conjurer on Mar 24, 2017.
             Slain by an ogre
             ... wielding a cursed -1 giant spiked club
              (17 damage)
             ... on level 4 of the Dungeon.
             The game lasted 00:22:39 (3650 turns).

VinsantI the Conjurer (Draconian Conjurer)          Turns: 3650, Time: 00:22:40

Health: -3/39      AC:  6    Str: 10    XL:     5   Next: 80%
Magic:  4/9        EV: 13    Int: 17    God:
Gold:   90         SH:  0    Dex: 11    Spells: 2 memorised, 7 levels left

rFire  + . .     SeeInvis .     k - +0 dagger (venom)
rCold  . . .     Gourm    .     (armour unavailable)
rNeg   . . .     Faith    .     (no shield)
rPois  .         Spirit   .     (helmet restricted)
rElec  .         Reflect  .     r - +0 cloak
rCorr  .         Harm     .     (no gloves)
MR     .....                    (no boots)
Stlth  ++........               H - amulet of rage
                                (no ring)
                                j - ring of protection from fire

@: no status effects
A: unfitting armour, cold-blooded, AC +5
a: Evoke Berserk Rage


You were on level 4 of the Dungeon.
You were not hungry.

You visited 1 branch of the dungeon, and saw 4 of its levels.

You collected 90 gold pieces.

Inventory:

Hand Weapons
 d - a +0 dagger
 g - a +0 dagger
 h - a +0 club
 k - a +0 dagger of venom (weapon)
 l - a +0 short sword
 m - a +0 club
 n - a +0 short sword
 o - a +0 club
 t - a +0 flail
 v - a +0 dagger
 w - a +0 falchion
 y - a +0 dagger
 A - a +0 dagger of venom
 B - a cursed -3 dagger
Missiles
 e - 47 bolts
Armour
 r - a +0 cloak (worn)
 s - a +0 animal skin
 x - the cursed +0 helmet of Zofek {MR++, unknown}
   (You took it off Robin on level 2 of the Dungeon)

   It affects your resistance to hostile enchantments.
   It has a curse placed upon it.
 I - a +0 robe
Jewellery
 j - a ring of protection from fire (left hand)
 H - an amulet of rage (around neck)
Scrolls
 c - 5 scrolls of remove curse {unknown}
 p - 2 scrolls of recharging {unknown}
 u - a scroll of fear {unknown}
 E - a scroll of teleportation {unknown}
 F - a scroll of identify {unknown}
 K - a scroll of random uselessness {unknown}
 L - a scroll of enchant armour {unknown}
Potions
 f - a potion of curing
 q - a potion of invisibility {unknown}
 z - a potion of berserk rage {unknown}
 C - a potion of cure mutation {unknown}
 D - a potion of agility {unknown}
 G - a potion of brilliance {unknown}
 J - a potion of degeneration {unknown}
 M - a potion of heal wounds {unknown}
Books
 a - a book of Conjurations

   Spells                             Type                      Level
   a - Magic Dart                     Conjuration                  1
   b - Searing Ray                    Conjuration                  2
   c - Dazzling Spray                 Conjuration/Hexes            3
   d - Fulminant Prism                Conjuration/Hexes            4
   e - Iskenderun's Mystic Blast      Conjuration                  4
   f - Iskenderun's Battlesphere      Conjuration/Charms           5
Comestibles
 b - 2 bread rations
 i - a meat ration {i}


   Skills:
 + Level 0.4 Fighting
 + Level 0.4 Short Blades
 + Level 3.1 Dodging
 + Level 2.1 Stealth
 + Level 1.6 Unarmed Combat
 + Level 3.2 Spellcasting
 + Level 5.2 Conjurations


You had 7 spell levels left.
You knew the following spells:

 Your Spells              Type           Power        Failure   Level  Hunger
a - Magic Dart            Conj           ###.         1%          1    None
b - Searing Ray           Conj           ###...       2%          2    ##.....


Dungeon Overview and Level Annotations

Branches:
Dungeon (4/15)
 Temple: D:4-7

Altars:
Okawaru


Innate Abilities, Weirdness & Mutations

Your plain brown scales are hard. (AC +5)
You cannot fit into any form of body armour.
You are cold-blooded and may be slowed by cold attacks.


Message History

The ogre hits you with a giant spiked club!
You hit the ogre but do no damage.
The ogre is lightly wounded.
The ogre closely misses you.
You feel better.
The ogre hits you with a giant spiked club!
You feel better. The ogre misses you.
The ogre hits you with a giant spiked club!
* * * LOW HITPOINT WARNING * * *
You open the door. The ogre hits you but does no damage.
The ogre closely misses you.
There is an open door here.
The ogre barely misses you.
There is a stone staircase leading up here.
You can't go down here!
The ogre misses you.
There is an escape hatch in the ceiling here.
You can't go down here!
The ogre hits you with a giant spiked club!
You die...

#....# #....#
#####....########.
..................
##########........
#.....<#.'.(......
#......#.#.......#
#......#.#....##.#
#@O.......##.....#
+.........#+#.......
#######...+ ..#####
#.### .# #.# #.# #.


You could see an ogre.

Vanquished Creatures
  A hound (D:4)
  Natasha (D:2)
  Robin (D:2)
  3 gnolls (D:2)
  7 adders
  An ooze (D:1)
  2 worms
  2 dart slugs (D:1)
  4 leopard geckos
  7 bats
  3 giant cockroaches
  7 hobgoblins
  7 kobolds
  2 frilled lizards (D:1)
  15 goblins
  5 rats
68 creatures vanquished.

Notes
Turn   | Place    | Note
-------+----------+-------------------------------------------
     0 | D:1      | VinsantI the Draconian Conjurer began the quest for the Orb.
     0 | D:1      | Reached XP level 1. HP: 14/14 MP: 3/3
   388 | D:1      | Reached XP level 2. HP: 6/20 MP: 5/5
   731 | D:1      | Learned a level 2 spell: Searing Ray
  1092 | D:1      | Reached skill level 1 in Unarmed Combat
  1150 | D:1      | Reached XP level 3. HP: 26/26 MP: 3/6
  1756 | D:2      | Reached XP level 4. HP: 24/34 MP: 1/7
  1935 | D:2      | Found an iron altar of Okawaru.
  2251 | D:2      | Noticed Robin
  2279 | D:2      | Killed Robin
  2285 | D:2      | Got a transparent helmet
  2510 | D:2      | Reached XP level 5. HP: 15/39 MP: 1/9
  2763 | D:2      | Noticed Natasha
  2773 | D:2      | Killed Natasha
  3430 | D:3      | Reached skill level 5 in Conjurations
  3602 | D:4      | Noticed an ogre
  3650 | D:4      | Slain by an ogre

Skill      XL: |  1  2  3  4  5 |
---------------+----------------+-----
Dodging        | 2 3 |  3.1
Unarmed Combat | 1 |  1.6
Stealth        | 2 |  2.1
Spellcasting   | 3 |  3.2
Conjurations   | 5 |  5.2
Fighting       | |  0.4
Short Blades   | |  0.4

Action                   |  1- 3 |  4- 6 || total
-------------------------+-------+-------++-------
Melee: Unarmed           |    85 |       ||    85
       Tailslap          |     8 |     1 ||     9
       Dagger            |    15 |    68 ||    83
       Punch             |     1 |       ||     1
 Cast: Searing Ray       |    24 |    49 ||    73
       Magic Dart        |     4 |       ||     4
  Use: Potion            |       |     3 ||     3
 Stab: Sleeping          |     1 |       ||     1
  Eat: Chunk             |     4 |     9 ||    13
Armor: Skin              |    55 |    21 ||    76
Dodge: Dodged            |   101 |    55 ||   156
